[Event "IOM Open-Masters 2017"]
[Site "Douglas"]
[Date "2017.09.26"]
[Round "4"]
[White "Birkisson, Bjorn Holm"]
[Black "Kruse, Janik"]
[Result "1/2-1/2"]
[ECO "A00"]
[WhiteElo "2023"]
[BlackElo "2096"]
[Annotator "NA"]
[PlyCount "145"]
[EventDate "2017.??.??"]
[EventType "swiss"]
[EventCountry "GBR"]
[SourceTitle "playchess.com"]
[Source "ChessBase"]
[SourceQuality "1"]
[TimeControl "40/6000+30:20/3000+30:900+30"]

1. e4 e5 2. Nf3 Nc6 3. Bc4 Bc5 4. O-O Nf6 5. d3 d6 6. h3 a6 7. a4 Be6 8. Bxe6 fxe6 9. c3 Ba7 10. Qb3 Qc8 11. Be3 O-O 12. Nbd2 Nh5 13. Bxa7 Rxa7 14. d4 exd4 15. cxd4 Nf4 16. Kh2 Nd8 17. g3 Ng6 18. Rac1 Qd7 19. a5 d5 20. e5 Qe7 21. Rc3 Nc6 22. Qa4 Qe8 23. Qa3 Nge7 24. Rc2 Nf5 25. Qc3 Qg6 26. Nb3 h5 27. Qd3 Nce7 28. Rc3 b6 29. Qd2 Qe8 30. Ng5 Ng6 31. Qe2 h4 32. Qh5 Nh6 33. gxh4 Rf4 34. Rc6 Rxh4 35. Rxe6 Qxe6 36. Qxh4 Qf5 37. Qg3 Nf4 38. Re1 Ra8 39. e6 Re8 40. Re5 Qf6 41. e7 Ng6 42. Rxd5 Rxe7 43. Rd8+ Nf8 44. Qf3 Qxg5 45. Rxf8+ Kh7 46. Qd3+ g6 47. Qf3 Re1 48. Qg3 Qxg3+ 49. Kxg3 Rb1 50. Rc8 Nf5+ 51. Kf4 Rxb2 52. Rxc7+ Kh6 53. Rc3 bxa5 54. d5 Rxf2+ 55. Ke5 a4 56. Nc5 Re2+ 57. Kf6 Rd2 58. Ne6 Nd6 59. Rc6 Rxd5 60. Rxa6 Ne4+ 61. Ke7 Re5 62. Ra8 Kh7 63. Kf7 Ng5+ 64. Nxg5+ Rxg5 65. Rxa4 Rf5+ 66. Ke6 Kh6 67. Re4 Rf3 68. h4 Kh5 69. Ke7 Rf5 70. Ke6 Ra5 71. Kf6 Ra6+ 72. Kg7 Rb6 73. Kf7 1/2-1/2

[Event "IOM Open-Masters 2017"]
[Site "Douglas"]
[Date "2017.09.26"]
[Round "4"]
[White "Acosta, Mariano"]
[Black "Vaishali, R."]
[Result "0-1"]
[ECO "A00"]
[WhiteElo "1988"]
[BlackElo "2329"]
[Annotator "NA"]
[PlyCount "54"]
[EventDate "2017.??.??"]
[EventType "swiss"]
[EventCountry "GBR"]
[SourceTitle "playchess.com"]
[Source "ChessBase"]
[SourceQuality "1"]
[TimeControl "40/6000+30:20/3000+30:900+30"]

1. d4 Nf6 2. Bg5 d5 3. Nd2 g6 4. e3 Bg7 5. Bd3 O-O 6. h4 b6 7. Bxf6 exf6 8. h5 c5 9. c3 Ba6 10. Bxa6 Nxa6 11. hxg6 hxg6 12. Ne2 Re8 13. Qa4 Qc8 14. O-O-O Rb8 15. Rh4 b5 16. Qc2 b4 17. Rdh1 bxc3 18. bxc3 cxd4 19. Nxd4 Nc5 20. N4b3 f5 21. c4 Qa6 22. Nxc5 Qa3+ 23. Kd1 Qxc5 24. Nb3 Qa3 25. Rh7 dxc4 26. Qxc4 Qb2 27. Nd4 Rbc8 0-1

[Event "IOM Open-Masters 2017"]
[Site "Douglas"]
[Date "2017.09.26"]
[Round "4"]
[White "Dahl, Baard"]
[Black "Balint, Vilmos"]
[Result "0-1"]
[ECO "A00"]
[WhiteElo "1974"]
[BlackElo "2281"]
[Annotator "NA"]
[PlyCount "64"]
[EventDate "2017.??.??"]
[EventType "swiss"]
[EventCountry "GBR"]
[SourceTitle "playchess.com"]
[Source "ChessBase"]
[SourceQuality "1"]
[TimeControl "40/6000+30:20/3000+30:900+30"]

1. e4 e6 2. d4 d5 3. Nd2 a6 4. e5 c5 5. c3 Nc6 6. Ngf3 Nh6 7. dxc5 Ng4 8. Qa4 h5 9. h3 Nh6 10. Nb3 Bd7 11. Qf4 Be7 12. g4 Qc7 13. Bd3 hxg4 14. hxg4 O-O-O 15. Rg1 f6 16. exf6 e5 17. Qg3 gxf6 18. Bxh6 Rxh6 19. Bf5 Bxf5 20. gxf5 Rdh8 21. O-O-O Qd7 22. Qg4 Bd8 23. c4 d4 24. Nbd2 Nb4 25. Ne4 Qa4 26. Nd6+ Kb8 27. Qe4 Nxa2+ 28. Kb1 R6h7 29. Rd3 Ba5 30. Qd5 Nb4 31. Rg8+ Bd8 32. Rxh8 Qc2+ 0-1

[Event "IOM Open-Masters 2017"]
[Site "Douglas"]
[Date "2017.09.27"]
[Round "5"]
[White "Kruse, Janik"]
[Black "Dahl, Baard"]
[Result "0-1"]
[ECO "A00"]
[WhiteElo "2096"]
[BlackElo "1974"]
[Annotator "NA RC"]
[PlyCount "74"]
[EventDate "2017.??.??"]
[EventType "swiss"]
[EventCountry "GBR"]
[SourceTitle "playchess.com"]
[Source "ChessBase"]
[SourceQuality "1"]
[TimeControl "40/6000+30:20/3000+30:900+30"]

1. d4 Nf6 2. c4 g6 3. Nc3 d5 4. Nf3 Bg7 5. Qb3 dxc4 6. Qxc4 O-O 7. e4 a6 8. Be2 b5 9. Qb3 c5 10. dxc5 Be6 11. Qc2 Nbd7 12. O-O Nxc5 13. Rd1 Qc8 14. Ng5 b4 15. Nd5 Nxd5 16. Nxe6 Nxe6 17. Qxc8 Rfxc8 18. Rxd5 Rc2 19. Rd2 Rxd2 20. Bxd2 Bxb2 21. Rb1 Bc3 22. Bxc3 bxc3 23. Kf1 a5 24. Ke1 Nd4 25. Rc1 Rc8 26. Bd1 Rc4 27. f3 c2 28. Be2 Ra4 29. Kd2 e5 30. Bd3 Rxa2 31. Ke3 Kf8 32. f4 f6 33. fxe5 fxe5 34. Bc4 Rb2 35. Kd2 Rb1 36. Ba2 Rxc1 37. Kxc1 Ke7 0-1

[Event "IOM Open-Masters 2017"]
[Site "Douglas"]
[Date "2017.09.27"]
[Round "5"]
[White "Nahnsen, Kenneth"]
[Black "Prueske, Wolfgang"]
[Result "1/2-1/2"]
[ECO "A00"]
[WhiteElo "2011"]
[BlackElo "2046"]
[Annotator "NA RC"]
[PlyCount "66"]
[EventDate "2017.??.??"]
[EventType "swiss"]
[EventCountry "GBR"]
[SourceTitle "playchess.com"]
[Source "ChessBase"]
[SourceQuality "1"]
[TimeControl "40/6000+30:20/3000+30:900+30"]

1. e4 c6 2. d4 d5 3. exd5 cxd5 4. c4 Nf6 5. Nc3 g6 6. Qb3 Bg7 7. cxd5 O-O 8. Nge2 Na6 9. g3 Qb6 10. Bg2 Qxb3 11. axb3 Nb4 12. O-O Rd8 13. Ra5 Ne8 14. Bg5 f6 15. Bd2 Nd6 16. Ne4 Na6 17. Nxd6 exd6 18. Rfa1 Bg4 19. Nf4 Bh6 20. Be3 Bxf4 21. Bxf4 g5 22. Bd2 Rac8 23. Be4 Rc7 24. Rxa6 Re7 25. Rxd6 Rxd6 26. Bb4 Rxe4 27. Bxd6 Rxd4 28. Bc5 Rxd5 29. Bxa7 Rd1+ 30. Rxd1 Bxd1 31. Bd4 Kf7 32. b4 Ke6 33. Kg2 g4 1/2-1/2

[Event "IOM Open-Masters 2017"]
[Site "Douglas"]
[Date "2017.09.28"]
[Round "6"]
[White "Paul, Johannes"]
[Black "Fischer, Daniel"]
[Result "1-0"]
[ECO "A00"]
[WhiteElo "2335"]
[BlackElo "2100"]
[Annotator "ChessBase"]
[PlyCount "87"]
[EventDate "2017.??.??"]
[EventType "swiss"]
[EventCountry "GBR"]
[SourceTitle "playchess.com"]
[Source "ChessBase"]
[SourceQuality "1"]
[TimeControl "40/6000+30:20/3000+30:900+30"]

1. c4 e5 2. g3 Nc6 3. Nc3 Bc5 4. Bg2 a6 5. e3 d6 6. Nge2 Ba7 7. d4 exd4 8. exd4 Nf6 9. O-O O-O 10. a3 Bg4 11. h3 Bh5 12. g4 Bg6 13. f4 h6 14. b4 Re8 15. f5 Bh7 16. c5 Qd7 17. Bf4 Rad8 18. Kh1 d5 19. Ng3 Ne7 20. Qd2 Kh8 21. Be5 Neg8 22. g5 Ne4 23. Ncxe4 dxe4 24. gxh6 f6 25. Nh5 Nxh6 26. Nxf6 e3 27. Qa2 Bg8 28. Nxd7 Bxa2 29. f6 Rxd7 30. fxg7+ Kg8 31. Rxa2 Nf7 32. Rxf7 Kxf7 33. Bxb7 Rxe5 34. dxe5 Rd1+ 35. Kg2 a5 36. Kf3 Kxg7 37. Kxe3 Re1+ 38. Kd4 Rd1+ 39. Kc4 Re1 40. Kb5 Rxe5 41. Kxa5 Re3 42. Ka6 Bb8 43. Bc6 Rxh3 44. Kb7 1-0

[Event "IOM Open-Masters 2017"]
[Site "Douglas"]
[Date "2017.09.28"]
[Round "6"]
[White "Zwahr, Paul"]
[Black "Burrows, Martin P"]
[Result "1-0"]
[ECO "A00"]
[WhiteElo "2306"]
[BlackElo "2085"]
[Annotator "ChessBase"]
[PlyCount "105"]
[EventDate "2017.??.??"]
[EventType "swiss"]
[EventCountry "GBR"]
[SourceTitle "playchess.com"]
[Source "ChessBase"]
[SourceQuality "1"]
[TimeControl "40/6000+30:20/3000+30:900+30"]

1. e4 e6 2. d4 d5 3. Nc3 Bb4 4. e5 c5 5. a3 Bxc3+ 6. bxc3 Ne7 7. Qg4 O-O 8. Bd3 Nbc6 9. Qh5 Ng6 10. Nf3 Qc7 11. Be3 c4 12. Bxg6 fxg6 13. Qg4 Qf7 14. Ng5 Qe8 15. h4 Bd7 16. Nh3 Ne7 17. Nf4 h6 18. h5 g5 19. Nh3 Qf7 20. Qe2 Qf5 21. f3 b5 22. O-O Be8 23. g4 Qh7 24. f4 gxf4 25. Nxf4 Bd7 26. a4 bxa4 27. Bc1 Qe4 28. Qh2 Rab8 29. Qg3 Rf7 30. Ba3 Qxc2 31. Rac1 Qa2 32. Bd6 Qb2 33. Ng6 Nxg6 34. hxg6 Rff8 35. Bxf8 Rxf8 36. Rxf8+ Kxf8 37. Rf1+ Ke8 38. Qf3 Qa3 39. Qf7+ Kd8 40. Qxg7 Qxc3 41. Qf8+ Be8 42. Qd6+ Kc8 43. Qxe6+ Kd8 44. Qxd5+ Kc7 45. g7 Qg3+ 46. Qg2 Qxg2+ 47. Kxg2 Bc6+ 48. Kg3 Bd5 49. Ra1 Kb6 50. Rxa4 a5 51. Kf4 Kb5 52. Ra1 Be6 53. Ke4 1-0

[Event "IOM Open-Masters 2017"]
[Site "Douglas"]
[Date "2017.09.28"]
[Round "6"]
[White "Piasetski, Leon"]
[Black "Mai, Aron Thor"]
[Result "1-0"]
[ECO "A00"]
[WhiteElo "2286"]
[BlackElo "2038"]
[Annotator "ChessBase"]
[PlyCount "77"]
[EventDate "2017.??.??"]
[EventType "swiss"]
[EventCountry "GBR"]
[SourceTitle "playchess.com"]
[Source "ChessBase"]
[SourceQuality "1"]
[TimeControl "40/6000+30:20/3000+30:900+30"]

1. Nf3 d5 2. g3 Bg4 3. Bg2 c6 4. h3 Bxf3 5. Bxf3 e5 6. d3 Bd6 7. e4 d4 8. Nd2 Ne7 9. c3 Na6 10. cxd4 exd4 11. O-O Ng6 12. Nc4 Bc7 13. a4 O-O 14. Bg2 Nb4 15. Qb3 a5 16. Bd2 Qe7 17. f4 Rfe8 18. h4 Nf8 19. Bh3 h5 20. Kg2 Ra7 21. Rf2 Na6 22. Re1 Nc5 23. Qc2 b5 24. axb5 cxb5 25. Na3 Rb8 26. Rc1 Na4 27. Nxb5 Rxb5 28. Qxa4 Rxb2 29. Qxd4 Rbb7 30. Bc3 f6 31. Rb2 Rxb2+ 32. Bxb2 Bd8 33. Qd5+ Qf7 34. Qxd8 Kh7 35. Qd5 Qe8 36. Rc8 Qe7 37. Rxf8 Qxf8 38. Qxh5+ Kg8 39. Be6+ 1-0

[Event "IOM Open-Masters 2017"]
[Site "Douglas"]
[Date "2017.09.28"]
[Round "6"]
[White "Watson, John L"]
[Black "Harari, Zaki"]
[Result "1-0"]
[ECO "A00"]
[WhiteElo "2247"]
[BlackElo "2027"]
[Annotator "ChessBase"]
[PlyCount "89"]
[EventDate "2017.??.??"]
[EventType "swiss"]
[EventCountry "GBR"]
[SourceTitle "playchess.com"]
[Source "ChessBase"]
[SourceQuality "1"]
[TimeControl "40/6000+30:20/3000+30:900+30"]

1. d4 Nf6 2. c4 c5 3. d5 d6 4. Nc3 g6 5. e4 Bg7 6. Nf3 O-O 7. h3 e6 8. Bd3 Na6 9. Bg5 Nc7 10. a4 h6 11. Be3 e5 12. g4 h5 13. Nh2 Na6 14. Be2 Qa5 15. Bd2 hxg4 16. hxg4 Nb4 17. Ra3 a6 18. g5 Nh7 19. Na2 Qd8 20. Nxb4 cxb4 21. Rg3 a5 22. Bg4 f5 23. gxf6 Qxf6 24. Qe2 g5 25. Rhg1 Qh6 26. Bxc8 Raxc8 27. Ng4 Qg6 28. f3 Rf4 29. Ne3 Bh6 30. Nf5 Rxf5 31. exf5 Qxf5 32. b3 b5 33. axb5 a4 34. bxa4 Qc2 35. Qe4 b3 36. Qxc2 bxc2 37. Rg4 Nf6 38. b6 e4 39. a5 Rxc4 40. b7 Nd7 41. Bxg5 Bxg5 42. Rxg5+ Kf7 43. Kd2 e3+ 44. Kc1 Kf6 45. Rg6+ 1-0

[Event "IOM Open-Masters 2017"]
[Site "Douglas"]
[Date "2017.09.28"]
[Round "6"]
[White "Player, Edmund C"]
[Black "Hopson, Kevin Mike"]
[Result "1-0"]
[ECO "A00"]
[WhiteElo "2202"]
[BlackElo "1929"]
[Annotator "ChessBase"]
[PlyCount "57"]
[EventDate "2017.??.??"]
[EventType "swiss"]
[EventCountry "GBR"]
[SourceTitle "playchess.com"]
[Source "ChessBase"]
[SourceQuality "1"]
[TimeControl "40/6000+30:20/3000+30:900+30"]

1. e4 e5 2. Nf3 Nc6 3. Bb5 a6 4. Ba4 Nf6 5. O-O Be7 6. d3 b5 7. Bb3 d6 8. c3 O-O 9. Bc2 Re8 10. Re1 Bg4 11. h3 Bh5 12. a4 d5 13. Nbd2 dxe4 14. dxe4 b4 15. a5 Qd6 16. Ba4 Bxf3 17. Nxf3 Red8 18. Qxd6 Rxd6 19. Bxc6 Rxc6 20. Bd2 Rc4 21. Nxe5 Rxe4 22. Nc6 Bd6 23. cxb4 Rae8 24. Rxe4 Rxe4 25. b5 Rc4 26. Rc1 Rxc1+ 27. Bxc1 axb5 28. a6 Nd5 29. Be3 1-0

[Event "IOM Open-Masters 2017"]
[Site "Douglas"]
[Date "2017.09.28"]
[Round "6"]
[White "Oyama, Akito"]
[Black "Loos, Roland"]
[Result "1/2-1/2"]
[ECO "A00"]
[WhiteElo "2198"]
[BlackElo "2393"]
[Annotator "ChessBase"]
[PlyCount "68"]
[EventDate "2017.??.??"]
[EventType "swiss"]
[EventCountry "GBR"]
[SourceTitle "playchess.com"]
[Source "ChessBase"]
[SourceQuality "1"]
[TimeControl "40/6000+30:20/3000+30:900+30"]

1. e4 e6 2. d4 d5 3. Nc3 Bb4 4. Nge2 Nf6 5. e5 Nfd7 6. a3 Bf8 7. Be3 c5 8. f4 Nc6 9. dxc5 Bxc5 10. Qd2 Bxe3 11. Qxe3 Qb6 12. Qxb6 Nxb6 13. O-O-O Bd7 14. Nd4 Ke7 15. Be2 Rhc8 16. Rhe1 a6 17. g4 Na5 18. Rd3 Nac4 19. g5 Kf8 20. Rh3 Kg8 21. Bd3 g6 22. Nd1 Bb5 23. Nf2 Nd7 24. Ng4 Rc7 25. Rh6 Nxa3 26. Nxb5 Nxb5 27. Re3 Rac8 28. Nf6+ Kf8 29. Rxh7 Nc5 30. Bxg6 fxg6 31. Rh8+ Ke7 32. Rh7+ Kf8 33. Rh8+ Ke7 34. Rh7+ Kf8 1/2-1/2

[Event "IOM Open-Masters 2017"]
[Site "Douglas"]
[Date "2017.09.28"]
[Round "6"]
[White "Seyfried, Claus"]
[Black "Ragnarsson, Dagur"]
[Result "0-1"]
[ECO "A00"]
[WhiteElo "2173"]
[BlackElo "2340"]
[Annotator "ChessBase"]
[PlyCount "110"]
[EventDate "2017.??.??"]
[EventType "swiss"]
[EventCountry "GBR"]
[SourceTitle "playchess.com"]
[Source "ChessBase"]
[SourceQuality "1"]
[TimeControl "40/6000+30:20/3000+30:900+30"]

1. e4 e6 2. d4 d5 3. Nd2 c5 4. Ngf3 cxd4 5. Nxd4 Nf6 6. Bb5+ Bd7 7. exd5 Nxd5 8. O-O Bxb5 9. Nxb5 a6 10. Nd4 Be7 11. Qf3 Bf6 12. N4b3 Nc6 13. Ne4 Be5 14. c4 Nb6 15. Qe2 O-O 16. Bg5 f6 17. Be3 Na4 18. Nbc5 Nxc5 19. Bxc5 Rf7 20. Rad1 Qa5 21. Rd3 Rd8 22. Rxd8+ Qxd8 23. f4 Bd4+ 24. Bxd4 Qxd4+ 25. Kh1 Rd7 26. Nc3 Re7 27. g3 f5 28. Rd1 Qc5 29. Qd3 Kf7 30. b3 Nb8 31. Qd6 Qxd6 32. Rxd6 Rd7 33. Rxd7+ Nxd7 34. Kg2 Ke7 35. Kf3 Kd6 36. Ke3 e5 37. fxe5+ Kxe5 38. Nd5 g5 39. Nb4 Nc5 40. Nc2 Ne6 41. Ne1 f4+ 42. gxf4+ gxf4+ 43. Kd3 Nc5+ 44. Ke2 Kd4 45. b4 Ne6 46. c5 Kc3 47. a3 Nd4+ 48. Kf2 Kb3 49. Nd3 Kxa3 50. h4 Kb3 51. h5 Kc3 52. Nxf4 Kxb4 53. Ke3 Kxc5 54. Nd3+ Kd5 55. Nf4+ Kc4 0-1

[Event "IOM Open-Masters 2017"]
[Site "Douglas"]
[Date "2017.09.28"]
[Round "6"]
[White "Pranav Anand"]
[Black "Nahnsen, Kenneth"]
[Result "1/2-1/2"]
[ECO "A00"]
[WhiteElo "2105"]
[BlackElo "2011"]
[Annotator "ChessBase"]
[PlyCount "133"]
[EventDate "2017.??.??"]
[EventType "swiss"]
[EventCountry "GBR"]
[SourceTitle "playchess.com"]
[Source "ChessBase"]
[SourceQuality "1"]
[TimeControl "40/6000+30:20/3000+30:900+30"]

1. d4 g6 2. c4 Bg7 3. Nc3 c5 4. d5 Bxc3+ 5. bxc3 f5 6. Nf3 Nf6 7. Qb3 Qa5 8. Bh6 d6 9. e3 Nbd7 10. Be2 Nb6 11. Nd2 Bd7 12. O-O O-O-O 13. Rfe1 Rhe8 14. Bg5 Rh8 15. Bh4 Rhg8 16. f3 g5 17. Bf2 Ba4 18. Qb1 Bd7 19. Qd3 g4 20. Bh4 gxf3 21. Bxf3 Rde8 22. h3 Qa4 23. Kh1 Ne4 24. Bxe4 fxe4 25. Qxe4 e6 26. Qf4 exd5 27. Qxd6 Qc6 28. Bg3 Qxd6 29. Bxd6 Nxc4 30. Nxc4 dxc4 31. Bxc5 Bc6 32. Re2 b6 33. Bd4 Be4 34. Kh2 Ref8 35. Be5 Rf5 36. Bf4 Rd5 37. g4 Rgd8 38. Kg3 Rd1 39. Rxd1 Rxd1 40. Be5 Rf1 41. Rf2 Rxf2 42. Kxf2 Kd7 43. Kg3 Ke6 44. Kf4 Kd5 45. h4 Bd3 46. Bd4 Bc2 47. Kg5 Ke6 48. Kf4 Kd5 49. h5 Bd3 50. Kg5 Ke6 51. Kh6 Kf7 52. Kg5 Ke6 53. Kf4 Kd5 54. Bf6 b5 55. a3 a5 56. Bd8 a4 57. Be7 Bc2 58. Bb4 Bd3 59. g5 Bc2 60. g6 hxg6 61. h6 g5+ 62. Kxg5 Ke6 63. Bc5 Bh7 64. Kf4 Kd5 65. Bd4 Bd3 66. Kg4 Bh7 67. Bg7 1/2-1/2

[Event "IOM Open-Masters 2017"]
[Site "Douglas"]
[Date "2017.09.28"]
[Round "6"]
[White "Kavinda, Akila"]
[Black "Frank, Tena"]
[Result "1/2-1/2"]
[ECO "A00"]
[WhiteElo "2099"]
[BlackElo "2002"]
[Annotator "NA RC"]
[PlyCount "77"]
[EventDate "2017.??.??"]
[EventType "swiss"]
[EventCountry "GBR"]
[SourceTitle "playchess.com"]
[Source "ChessBase"]
[SourceQuality "1"]
[TimeControl "40/6000+30:20/3000+30:900+30"]

1. Nf3 c5 2. g3 b6 3. Bg2 Bb7 4. O-O Nf6 5. c4 g6 6. Nc3 Bg7 7. Re1 d6 8. e4 O-O 9. d4 cxd4 10. Nxd4 Qc8 11. Nd5 Re8 12. Bg5 Nbd7 13. Rc1 a6 14. b4 h6 15. Be3 Rb8 16. Nb3 Qd8 17. h3 Kh7 18. Qd2 Bf8 19. f4 e6 20. Nxf6+ Nxf6 21. Bf2 Ba8 22. Qd3 Qe7 23. e5 Bxg2 24. exf6 Qb7 25. Kh2 Bc6 26. Nd4 Bd7 27. Nf3 Bc6 28. Nd4 Bd7 29. b5 a5 30. Nf3 Red8 31. h4 d5 32. Ne5 dxc4 33. Qxc4 Be8 34. h5 Rbc8 35. hxg6+ fxg6 36. Nc6 Rd5 37. g4 Qf7 38. Qe4 Rxb5 39. Qg2 1/2-1/2

[Event "IOM Open-Masters 2017"]
[Site "Douglas"]
[Date "2017.09.28"]
[Round "6"]
[White "Bianco, Valerio"]
[Black "Kruse, Janik"]
[Result "1/2-1/2"]
[ECO "A00"]
[WhiteElo "2086"]
[BlackElo "2096"]
[Annotator "NA RC"]
[PlyCount "87"]
[EventDate "2017.??.??"]
[EventType "swiss"]
[EventCountry "GBR"]
[SourceTitle "playchess.com"]
[Source "ChessBase"]
[SourceQuality "1"]
[TimeControl "40/6000+30:20/3000+30:900+30"]

1. e4 Nc6 2. Nf3 d6 3. d4 Nf6 4. Nc3 e5 5. dxe5 Nxe5 6. Nxe5 dxe5 7. Qxd8+ Kxd8 8. Bg5 c6 9. Bc4 Be6 10. Bxe6 fxe6 11. Ke2 Bd6 12. f3 Ke7 13. Be3 Bc7 14. a4 Bb6 15. Nd1 Rhd8 16. Bxb6 axb6 17. Ne3 Rd4 18. b3 Rad8 19. Rhd1 Nd7 20. Nc4 b5 21. axb5 cxb5 22. Ne3 Nb8 23. c3 Rxd1 24. Rxd1 Rxd1 25. Kxd1 Kd6 26. Kc2 Nc6 27. b4 Ke7 28. Kd3 Kf6 29. Nc2 Ke7 30. Na3 Na7 31. c4 bxc4+ 32. Kxc4 Kd6 33. Nb5+ Nxb5 34. Kxb5 Kc7 35. Kc5 g5 36. Kb5 h5 37. Kc5 b6+ 38. Kb5 Kb7 39. Kc4 Kc6 40. Kc3 Kd6 41. g3 b5 42. Kd3 Ke7 43. Ke3 Kf6 44. Kd3 1/2-1/2

[Event "IOM Open-Masters 2017"]
[Site "Douglas"]
[Date "2017.09.28"]
[Round "6"]
[White "Byron, Alan M"]
[Black "Acosta, Mariano"]
[Result "1-0"]
[ECO "A00"]
[WhiteElo "2074"]
[BlackElo "1988"]
[Annotator "NA RC"]
[PlyCount "93"]
[EventDate "2017.??.??"]
[EventType "swiss"]
[EventCountry "GBR"]
[SourceTitle "playchess.com"]
[Source "ChessBase"]
[SourceQuality "1"]
[TimeControl "40/6000+30:20/3000+30:900+30"]

1. e4 Nf6 2. e5 Nd5 3. d4 d6 4. c4 Nb6 5. exd6 exd6 6. Nc3 Be7 7. Be2 O-O 8. Nf3 Bg4 9. b3 c6 10. O-O d5 11. c5 Nc8 12. h3 Bh5 13. g4 Bg6 14. Ne5 Nd7 15. Nxg6 hxg6 16. f4 b6 17. cxb6 axb6 18. Bf3 Nd6 19. Bg2 b5 20. Be3 Nb6 21. Qd3 b4 22. Ne2 f5 23. g5 Kf7 24. Rfc1 Qd7 25. Kh2 Rh8 26. Ng1 Ne4 27. Nf3 Bd6 28. Rc2 Qb7 29. Ne5+ Bxe5 30. dxe5 Rhd8 31. Bd4 Rac8 32. Rac1 Ke6 33. Qe2 Kf7 34. Qe3 Nd7 35. e6+ Kxe6 36. Bxg7 c5 37. Bxe4 fxe4 38. Qg3 Kf7 39. Be5 d4 40. Qh4 Qa6 41. Qh7+ Ke8 42. Bf6 Nxf6 43. Qxg6+ Kf8 44. gxf6 Qe6 45. Qg7+ Ke8 46. Rxc5 Rxc5 47. Rxc5 1-0